3A
MANCELONA TORCH @ GALESBURG GUZZLERS
08/20/2029
 
TOP OF THE 1ST
Mancelona Torch batting - Pitching for Galesburg Guzzlers : RHP Tony DeWitt
Pitching: RHP Tony DeWitt
Batting: RHB Tony Lugo 0-0: Called Strike
0-1: Ball
1-1: Ground out 6-3 (Groundball, 6D)
Batting: RHB Jeff Mouton 0-0: Foul Ball, location: 2F
0-1: Swinging Strike
0-2: Ground out 5-3 (Groundball, 5S)
Batting: RHB Emílio Agramónte 0-0: Foul Ball, location: 2F
0-1: Ball
1-1: Hit by Pitch
Batting: LHB Yu-zeng Si 0-0: Called Strike
0-1: Ball
1-1: Ball
2-1: Swinging Strike
2-2: Strikes out swinging
Top of the 1st over - 0 runs, 0 hits, 0 errors, 1 left on base; Mancelona 0 - Galesburg 0
BOTTOM OF THE 1ST
Galesburg Guzzlers batting - Pitching for Mancelona Torch : RHP Todd Porter
Pitching: RHP Todd Porter
Batting: RHB Tony Martínez 0-0: Ball
1-0: Ball
2-0: SINGLE (Groundball, 6S) (infield hit)
Batting: RHB Janghyun Yi 0-0: Swinging Strike
0-1: Ball
1-1: Ball
2-1: Foul Ball, location: 2F
2-2: Ball
3-2: Foul Ball, location: 2F
3-2: Strikes out swinging
Batting: LHB César Gómes 0-0: Ball
1-0: SINGLE (Groundball, 4MD)
Tony Martínez to second
Batting: RHB Fletcher Megarity 0-0: Called Strike
0-1: Ball
1-1: Foul Ball, location: 2F
1-2: Fly out, F8 (Flyball, 8RD)
Batting: RHB Bastiaan Pieterse 0-0: Ball
1-0: Foul Ball, location: 2F
1-1: Fly out, F3 (Popup, 3SF)
Bottom of the 1st over - 0 runs, 2 hits, 0 errors, 2 left on base; Mancelona 0 - Galesburg 0
TOP OF THE 2ND
Mancelona Torch batting - Pitching for Galesburg Guzzlers : RHP Tony DeWitt
Batting: LHB Jorge Vélez 0-0: Called Strike
0-1: Ball
1-1: Ball
2-1: Foul Ball, location: 2F
2-2: Ball
3-2: Ground out 6-3 (Groundball, 6)
Batting: LHB Badry Maksimenov 0-0: Called Strike
0-1: Foul Ball, location: 2F
0-2: Strikes out swinging
Batting: RHB Scott Harrell 0-0: Ball
1-0: Ground out 6-3 (Groundball, 6)
Top of the 2nd over - 0 runs, 0 hits, 0 errors, 0 left on base; Mancelona 0 - Galesburg 0
BOTTOM OF THE 2ND
Galesburg Guzzlers batting - Pitching for Mancelona Torch : RHP Todd Porter
Batting: LHB Abiram Wahine 0-0: Ball
1-0: Fly out, F7 (Flyball, 7LM)
Batting: RHB Jack Stidston 0-0: Called Strike
0-1: Swinging Strike
0-2: Foul Ball, location: 2F
0-2: Strikes out looking
Batting: RHB Yu-shu Tseng 0-0: Ball
1-0: Ball
2-0: Called Strike
2-1: Called Strike
2-2: Foul Ball, location: 2F
2-2: Ball
3-2: Foul Ball, location: 2F
3-2: Strikes out swinging
Bottom of the 2nd over - 0 runs, 0 hits, 0 errors, 0 left on base; Mancelona 0 - Galesburg 0
TOP OF THE 3RD
Mancelona Torch batting - Pitching for Galesburg Guzzlers : RHP Tony DeWitt
Batting: RHB Vilhelm Loyen 0-0: Ball
1-0: Ball
2-0: Ball
3-0: Foul Ball, location: 2F
3-1: Foul Ball, location: 2F
3-2: Base on Balls
Batting: RHB Dave Norton 0-0: Swinging Strike
0-1: Ball
1-1: Ball
2-1: Swinging Strike
2-2: Ball
3-2: Strikes out looking
Batting: RHB Tony Lugo 0-0: Foul Ball, location: 2F
0-1: Ball
1-1: Foul Ball, location: 2F
1-2: Strikes out swinging
Batting: RHB Jeff Mouton 0-0: Called Strike
0-1: Foul Ball, location: 2F
0-2: Ball
1-2: Foul Ball, location: 2F
1-2: Fly out, F8 (Flyball, 8LD)
Top of the 3rd over - 0 runs, 0 hits, 0 errors, 1 left on base; Mancelona 0 - Galesburg 0
BOTTOM OF THE 3RD
Galesburg Guzzlers batting - Pitching for Mancelona Torch : RHP Todd Porter
Batting: RHB Derek Bouch 0-0: Ball
1-0: Called Strike
1-1: Ball
2-1: Ball
3-1: SOLO HOME RUN (Flyball, 7LD), Distance : 354 ft
Batting: RHB Tony Martínez 0-0: Fly out, F8 (Flyball, 8LD)
Pitching: LHP Larry Duille
Batting: RHB Janghyun Yi 0-0: Ball
1-0: Called Strike
1-1: Called Strike
1-2: Ball
2-2: Ball
3-2: Ground out 5-3 (Groundball, 5S)
Batting: LHB César Gómes 0-0: Called Strike
0-1: Ground out 3-1 (Groundball, 2R)
Bottom of the 3rd over - 1 run, 1 hit, 0 errors, 0 left on base; Mancelona 0 - Galesburg 1
TOP OF THE 4TH
Mancelona Torch batting - Pitching for Galesburg Guzzlers : RHP Tony DeWitt
Batting: RHB Emílio Agramónte 0-0: Foul Ball, location: 2F
0-1: Ball
1-1: Ball
2-1: Swinging Strike
2-2: Foul Ball, location: 2F
2-2: Fly out, F7 (Flyball, 7LM)
Batting: LHB Yu-zeng Si 0-0: Called Strike
0-1: Foul Ball, location: 2F
0-2: Ball
1-2: Foul Ball, location: 2F
1-2: Strikes out swinging
Batting: LHB Jorge Vélez 0-0: SINGLE (Flyball, 8RS)
Batting: LHB Badry Maksimenov 0-0: SINGLE (Line Drive, 4MD)
Jorge Vélez to second
Runner from 2nd tries for 3rd, SAFE, no throw
Batting: RHB Scott Harrell 0-0: Ball
1-0: Ball
2-0: Fly out, F9 (Flyball, 89M)
Top of the 4th over - 0 runs, 2 hits, 0 errors, 2 left on base; Mancelona 0 - Galesburg 1
BOTTOM OF THE 4TH
Galesburg Guzzlers batting - Pitching for Mancelona Torch : LHP Larry Duille
Batting: RHB Fletcher Megarity 0-0: Ball
1-0: Foul Ball, location: 2F
1-1: Ball
2-1: Ball
3-1: Swinging Strike
3-2: Strikes out swinging
Batting: RHB Bastiaan Pieterse 0-0: Swinging Strike
0-1: Called Strike
0-2: Ball
1-2: Fly out, F8 (Flyball, 89D)
Batting: LHB Abiram Wahine 0-0: Ball
1-0: Ball
2-0: Ball
3-0: Called Strike
3-1: SINGLE (Groundball, 34D)
Batting: RHB Jack Stidston 0-0: Called Strike
0-1: Foul Ball, location: 2F
0-2: Foul Ball, location: 2F
0-2: Strikes out swinging
Bottom of the 4th over - 0 runs, 1 hit, 0 errors, 1 left on base; Mancelona 0 - Galesburg 1
TOP OF THE 5TH
Mancelona Torch batting - Pitching for Galesburg Guzzlers : RHP Tony DeWitt
Batting: RHB Vilhelm Loyen 0-0: Called Strike
0-1: Ball
1-1: Called Strike
1-2: Strikes out swinging
Batting: RHB Dave Norton 0-0: Ball
1-0: Called Strike
1-1: Swinging Strike
1-2: Strikes out swinging
Batting: RHB Tony Lugo 0-0: Ball
1-0: Ball
2-0: Called Strike
2-1: Fly out, F8 (Flyball, 78D)
Top of the 5th over - 0 runs, 0 hits, 0 errors, 0 left on base; Mancelona 0 - Galesburg 1
BOTTOM OF THE 5TH
Galesburg Guzzlers batting - Pitching for Mancelona Torch : LHP Larry Duille
Batting: RHB Yu-shu Tseng 0-0: Fly out, F8 (Flyball, 8RD)
Batting: RHB Derek Bouch 0-0: Ball
1-0: Called Strike
1-1: Swinging Strike
1-2: Ball
2-2: Foul Ball, location: 2F
2-2: SINGLE (Groundball, 6D)
Batting: RHB Tony Martínez 0-0: Ball
1-0: Fly out, F5 (Line Drive, 5L)
Batting: RHB Janghyun Yi 0-0: Ball
1-0: Ball
Passed Ball!
Derek Bouch to second
2-0: Ball
3-0: Called Strike
3-1: Foul Ball, location: 2F
3-2: Foul Ball, location: 2F
3-2: Foul Ball, location: 2F
3-2: Foul Ball, location: 2F
3-2: Ground out 4-3 (Groundball, 4)
Bottom of the 5th over - 0 runs, 1 hit, 0 errors, 1 left on base; Mancelona 0 - Galesburg 1
TOP OF THE 6TH
Mancelona Torch batting - Pitching for Galesburg Guzzlers : RHP Tony DeWitt
Batting: RHB Jeff Mouton 0-0: Called Strike
0-1: Fly out, F9 (Flyball, 9)
Batting: RHB Emílio Agramónte 0-0: Ball
1-0: Called Strike
1-1: Swinging Strike
1-2: Ball
2-2: Fly out, F9 (Flyball, 9LM)
Batting: LHB Yu-zeng Si 0-0: Foul Ball, location: 2F
0-1: Ball
1-1: Swinging Strike
1-2: Ball
2-2: Ball
3-2: Strikes out looking
Top of the 6th over - 0 runs, 0 hits, 0 errors, 0 left on base; Mancelona 0 - Galesburg 1
BOTTOM OF THE 6TH
Galesburg Guzzlers batting - Pitching for Mancelona Torch : LHP Larry Duille
Batting: LHB César Gómes 0-0: Called Strike
0-1: Called Strike
0-2: Strikes out swinging
Batting: RHB Fletcher Megarity 0-0: Fly out, F8 (Line Drive, 8LM)
Batting: RHB Bastiaan Pieterse 0-0: Called Strike
0-1: Foul Ball, location: 2F
0-2: Strikes out looking
Bottom of the 6th over - 0 runs, 0 hits, 0 errors, 0 left on base; Mancelona 0 - Galesburg 1
TOP OF THE 7TH
Mancelona Torch batting - Pitching for Galesburg Guzzlers : RHP Tony DeWitt
Batting: LHB Jorge Vélez 0-0: Called Strike
0-1: Ball
1-1: Fly out, F7 (Line Drive, 7)
Pitching: RHP Bartolo Morales
Batting: LHB Badry Maksimenov 0-0: Foul Ball, location: 2F
0-1: Ball
1-1: Foul Ball, location: 2F
1-2: Ball
2-2: Foul Ball, location: 2F
2-2: Fly out, F9 (Flyball, 9LM)
Batting: RHB Scott Harrell 0-0: Called Strike
0-1: Ball
1-1: Called Strike
1-2: Foul Ball, location: 2F
1-2: Ball
2-2: Ball
3-2: Base on Balls
Pinch Hitting: LHB Tadaaki Yokoyama 0-0: Ball
Scott Harrell is caught stealing 2nd base
Top of the 7th over - 0 runs, 0 hits, 0 errors, 0 left on base; Mancelona 0 - Galesburg 1
BOTTOM OF THE 7TH
Galesburg Guzzlers batting - Pitching for Mancelona Torch : LHP Larry Duille
Now at 2B: José Santos
Batting: LHB Abiram Wahine 0-0: Ball
1-0: Fly out, F5 (Popup, 5)
Batting: RHB Jack Stidston 0-0: Ball
1-0: SINGLE (Groundball, 25) (infield hit)
Batting: RHB Yu-shu Tseng 0-0: Called Strike
0-1: Ball
1-1: Called Strike
1-2: Foul Ball, location: 2F
1-2: SINGLE (Line Drive, 4)
Jack Stidston to second
Batting: RHB Derek Bouch 0-0: Called Strike
0-1: Called Strike
0-2: Ball
1-2: Foul Ball, location: 2F
1-2: Strikes out swinging
Batting: RHB Tony Martínez 0-0: Ball
1-0: Ball
2-0: SINGLE (Groundball, 6) (infield hit)
Jack Stidston to third
Yu-shu Tseng to second
Batting: RHB Janghyun Yi 0-0: SINGLE (Groundball, 5D)
Jack Stidston scores
Yu-shu Tseng to third
Tony Martínez to second
Runner from 3rd tries for Home, SAFE, throw made at trailing runner, OUT at third!
Bottom of the 7th over - 2 runs, 4 hits, 0 errors, 1 left on base; Mancelona 0 - Galesburg 3
TOP OF THE 8TH
Mancelona Torch batting - Pitching for Galesburg Guzzlers : RHP Bartolo Morales
Batting: RHB José Santos 0-0: Ball
1-0: Ball
2-0: Ball
3-0: Called Strike
3-1: Fly out, F8 (Line Drive, 8RD)
Batting: RHB Dave Norton 0-0: Called Strike
0-1: Swinging Strike
0-2: Foul Ball, location: 2F
0-2: Fly out, F7 (Line Drive, 7D)
Batting: RHB Tony Lugo 0-0: Ground out U3 (Groundball, 3)
Top of the 8th over - 0 runs, 0 hits, 0 errors, 0 left on base; Mancelona 0 - Galesburg 3
BOTTOM OF THE 8TH
Galesburg Guzzlers batting - Pitching for Mancelona Torch : LHP Larry Duille
Batting: LHB César Gómes 0-0: Foul Ball, location: 2F
0-1: Foul Ball, location: 2F
0-2: Ball
1-2: Strikes out swinging
Batting: RHB Fletcher Megarity 0-0: Ball
1-0: DOUBLE (Line Drive, 78D)
Batting: RHB Bastiaan Pieterse 0-0: Intentional Walk
Pitching: LHP Raúl Medina
Batting: LHB Abiram Wahine 0-0: Called Strike
0-1: Called Strike
0-2: Foul Ball, location: 2F
0-2: Ball
1-2: Foul Ball, location: 2F
1-2: Fly out, F8 (Line Drive, 89M)
Batting: RHB Jack Stidston 0-0: Foul Ball, location: 2F
0-1: Ball
1-1: Ball
2-1: Foul Ball, location: 2F
2-2: Foul Ball, location: 2F
2-2: Ball
3-2: Strikes out swinging
Bottom of the 8th over - 0 runs, 1 hit, 0 errors, 2 left on base; Mancelona 0 - Galesburg 3
TOP OF THE 9TH
Mancelona Torch batting - Pitching for Galesburg Guzzlers : RHP Bartolo Morales
Batting: RHB Jeff Mouton 0-0: Called Strike
0-1: Foul Ball, location: 2F
0-2: Ball
1-2: Strikes out looking
Batting: RHB Emílio Agramónte 0-0: Ball
1-0: Ball
2-0: SINGLE (Line Drive, 6M)
Batting: LHB Yu-zeng Si 0-0: Called Strike
0-1: Ball
1-1: Swinging Strike
1-2: Foul Ball, location: 2F
1-2: Foul Ball, location: 2F
1-2: Foul Ball, location: 2F
1-2: Strikes out swinging
Batting: LHB Jorge Vélez 0-0: Called Strike
0-1: Called Strike
0-2: Strikes out swinging
Top of the 9th over - 0 runs, 1 hit, 0 errors, 1 left on base; Mancelona 0 - Galesburg 3
Tuesday, December 19th, 2017 - OOTP Baseball 18.8 Build 76